 Dungeon Crawl Stone Soup version 0.17.1-1-g73c8601 (webtiles) character file.

719 Deemzul the Sneak (level 7, -2/51 HPs)
             Began as an Octopode Monk on Dec 12, 2015.
             Slain by a quokka (4 damage)
             ... on level 5 of the Dungeon.
             The game lasted 00:07:04 (3012 turns).

Deemzul the Sneak (Octopode Monk)                   Turns: 3012, Time: 00:07:04

Health: -2/51      AC:  1    Str: 10    XL:     7   Next: 70%
Magic:  7/7        EV: 13    Int: 12    God:
Gold:   236        SH:  0    Dex: 17    Spells: 0 memorised, 6 levels left

rFire  . . .     SeeInvis .       - Unarmed
rCold  . . .     Clarity  .     (no shield)
rNeg   . . .     SustAt   .     (helmet restricted)
rPois  +         Gourm    .     (no amulet)
rElec  .         Spirit   .     v - ring of flight
rCorr  .         Warding  .     (no ring)
rMut   .         Stasis   .     (no ring)
MR     .....                    (no ring)
Stlth  +++++.....               (no ring)
                                (no ring)
                                (no ring)
                                (no ring)

@: not resistant to hostile enchantments, quite stealthy
A: almost no armour, amphibious, 8 rings, constrict 8, camouflage 1, mutation
resistance 1, poison resistance, gelatinous body 1
a: Evoke Flight


You were on level 5 of the Dungeon.
You were near starving.

You visited 1 branch of the dungeon, and saw 5 of its levels.
You also visited: Sewer.

You collected 236 gold pieces.

Inventory:

Jewellery
 g - an uncursed ring of protection from cold {unknown}
 v - a ring of flight (left tentacle)
Wands
 r - a wand of slowing (21)
 w - a wand of draining (6)
Scrolls
 c - a scroll of enchant armour
 e - 2 scrolls of remove curse
 j - 2 scrolls of identify
 u - a scroll of recharging
Potions
 d - 5 potions of curing
 f - a potion of haste
 m - 2 potions of flight
Comestibles
 a - 5 bread rations
 b - a meat ration
 l - 2 slices of pizza
 s - 2 beef jerkies


   Skills:
 + Level 5.7 Fighting
 - Level 3.1 Dodging
 + Level 7.0 Stealth
 + Level 6.1 Unarmed Combat


You had 6 spell levels left.
You didn't know any spells.

Dungeon Overview and Level Annotations

Branches:
Dungeon (5/15)
 Temple: D:4-7

Altars:
Fedhas

Annotations:
D:4 bezhaha's ghost, amateur OpCK


Innate Abilities, Weirdness & Mutations

You cannot wear most types of armour.
You are amphibious.
You can wear up to eight rings at the same time.
You can use your tentacles to constrict eight enemies at once.
Your skin changes colour to match your surroundings (Stealth).
Your rubbery body absorbs attacks (AC +1).
You are somewhat resistant to further mutation.
Your system is resistant to poisons.


Message History

The bolt of negative energy hits Dowan.
Dowan is drained!
You kill Dowan!
Duvessa screams, "No!
How DARE you!"
Duvessa goes berserk!
Your Unarmed Combat skill increases to level 6!
Evoking this partially-identified wand wasted a few charges.
You constrict Duvessa. The quokka misses you.
Duvessa hits you with a short sword of protection.
* * * LOW HITPOINT WARNING * * *
Unknown command.
You tentacle-slap Duvessa but do no damage.
Duvessa is almost dead.
You constrict Duvessa, but do no damage.
Duvessa misses you. The quokka barely misses you.
Unknown command.
You bludgeon Duvessa! You squeeze Duvessa.
You kill Duvessa!
Your Stealth skill increases to level 7!
The quokka bites you.
You die...

### #.. #.# #.# #.# #
################.##.#
......##.......#....####
................@r......
..###.##.......#)).##...
..# #.##.......#....#
..# #..#.......#..#.#
..# ##...#####.#......
### ##. ..#
#.#######[#......# #..
.#. ..#
#.......#.#....###
###.##.>
..####.......#.#.##.#
#......## ##...........#
#.#.#..#.


You could see a quokka.

Vanquished Creatures
  Duvessa (D:5)
  2 ogres
  A big kobold (Sewer)
  Dowan (D:5)
  A crimson imp (D:5)
  A quasit (D:4)
  A centaur skeleton (D:4)
  A jelly (D:5)
  Crazy Yiuf (D:2)
  A hound (D:5)
  An iguana (D:4)
  A worker ant zombie (D:5)
  An adder (D:2)
  2 river rats (Sewer)
  An ooze (D:1)
  An adder zombie (D:5)
  4 worms
  2 giant geckos
  An orc (D:3)
  3 giant cockroaches
  4 goblins
  11 hobgoblins
  6 jackals
  2 ball pythons
  10 bats
  4 giant newts
  9 kobolds
  A quokka (D:2)
  13 rats
88 creatures vanquished.

Notes
Turn   | Place    | Note
--------------------------------------------------------------
     0 | D:1      | Deemzul the Octopode Monk began the quest for the Orb.
     0 | D:1      | Reached XP level 1. HP: 16/16 MP: 1/1
   146 | D:1      | Reached XP level 2. HP: 15/21 MP: 2/2
   499 | D:1      | Reached XP level 3. HP: 19/26 MP: 3/3
  1085 | D:2      | Noticed Crazy Yiuf
  1101 | D:2      | Killed Crazy Yiuf
  1101 | D:2      | Reached XP level 4. HP: 20/33 MP: 4/4
  1657 | D:3      | Found a blossoming altar of Fedhas.
  1819 | D:3      | Noticed an ogre
  1855 | D:4      | Found a glowing drain.
  1872 | D:4      | Reached XP level 5. HP: 20/37 MP: 5/5
  1883 | Sewer    | Entered a sewer
  1945 | Sewer    | Reached skill level 5 in Stealth
  1945 | Sewer    | Reached skill level 5 in Unarmed Combat
  2123 | Sewer    | Found a white marble altar of Elyvilon.
  2421 | D:4      | Noticed bezhaha's ghost (amateur OpCK)
  2495 | D:4      | Gained mutation: Your system is resistant to poisons. [potion of mutation]
  2495 | D:4      | Gained mutation: You are somewhat resistant to further mutation. [potion of mutation]
  2578 | D:4      | Reached XP level 6. HP: 42/44 MP: 6/6
  2839 | D:4      | Reached skill level 5 in Fighting
  2869 | D:5      | Entered Level 5 of the Dungeon
  2923 | D:5      | Reached skill level 6 in Stealth
  2923 | D:5      | Reached XP level 7. HP: 41/50 MP: 7/7
  2996 | D:5      | Noticed Dowan
  2998 | D:5      | Noticed Duvessa
  3010 | D:5      | Killed Dowan
  3010 | D:5      | HP: 2/50 [Duvessa/short sword of protection (5)]
  3012 | D:5      | Killed Duvessa
  3012 | D:5      | Reached skill level 7 in Stealth
  3012 | D:5      | Slain by a quokka

Action                   |  1- 3 |  4- 6 |  7- 9 || total
-------------------------+-------+-------+-------++-------
Melee: Unarmed           |    75 |    98 |    28 ||   201
Evoke: Wand              |       |     1 |     3 ||     4
  Use: Potion            |     1 |     5 |     2 ||     8
       Scroll            |       |     8 |       ||     8
 Stab: Sleeping          |    13 |    14 |     4 ||    31
       Distracted        |     1 |       |       ||     1
  Eat: Chunk             |       |     5 |       ||     5
